Mustangs vs Atomiques

Created - 30 janvier 2017 at 19:06

Goals
1 2 3 T
Mustangs 0 3 0 3
Atomiques 2 1 1 4
Shots
1 2 3 T
Mustangs 8 12 14 34
Atomiques 12 6 11 29

1st period

1. Atomiques , Kenndal McArdle 19 (Dmitri Orlov, Ryan Shannon) at 11:39
2. Atomiques , Tyler Brenner 20 (Kenndal McArdle, Ryan Shannon) at 16:45

Penalties :
No Penalty

2nd period

3. Mustangs , Ryan Keller 25 (Marcus Foligno) at 3:29
4. Mustangs , Riley Armstrong 27 (Cameron Gaunce) at 5:44 (PP)
5. Atomiques , Dwight King 15 (Branko Radivojevic, Mikael Backlund) at 5:57
6. Mustangs , Joshua Leivo 5 (Marcus Foligno) at 17:37

Penalties :
Eric Mestery (STB) for Hooking (Minor) at 5:30, Davis Drewiske (STB) for Holding (Minor) at 7:47

3rd period

7. Atomiques , Mikael Backlund 25 (Dwight King, Branko Radivojevic) at 11:33

Penalties :
Tyler Brenner (STB) for Hooking (Minor) at 7:08, Reilly Smith (Ham) for Interference (Minor) at 11:40, Brandon Saad (Ham) for Slashing (Minor) at 15:58

Goalie Stats

Peter Mannino (Ham), 25 saves from 29 shots - (0,862), L, 14-6-6, 59:23 minutes
Sergei Bobrovsky (STB), 31 saves from 34 shots - (0,912), W, 17-15-3, 60:00 minutes

Players Stats for Mustangs

Player Name              G  A  P  +/- PIM S  H  SB GA TA FO     MP     PP MP  PK MP  
------------------------------------------------------------------------------------
Alexei Marchenko         0  0  0   0  0   2  0  2  0  0  0/0    21:38   1:47   1:27 
Brandon Saad             0  0  0   0  2   0  0  0  0  0  0/1    13:03   0:57   0:15 
Cameron Gaunce           0  1  1   0  0   2  1  3  1  1  0/0    26:29   2:25   2:31 
Denis Bodrov             0  0  0   0  0   2  1  2  0  0  0/0    20:46   1:47   1:27 
Eric Gryba               0  0  0   0  0   0  2  2  0  0  0/0    25:15   2:25   2:31 
Eric Wellwood            0  0  0  -1  0   2  1  0  1  0  1/2    21:24   2:16   2:01 
J.T. Wyman               0  0  0   0  0   3  1  0  0  0  1/1    13:15   0:18   0:00 
Jerome Samson            0  0  0   0  0   2  0  0  0  1  0/1     8:32   0:00   0:00 
Jim O'Brien              0  0  0   0  0   1  1  1  2  0  5/11   11:46   0:00   1:01 
Joshua Leivo             1  0  1   0  0   1  0  1  0  0  0/0     9:08   0:10   0:14 
Marcus Foligno           0  2  2  -1  0   3  2  0  1  0  0/0    17:45   1:46   1:28 
Mark Pysyk               0  0  0  -2  0   2  0  0  0  0  0/0    11:53   0:00   0:00 
Reilly Smith             0  0  0  -1  2   3  1  2  0  1  1/1    20:11   2:16   0:00 
Rick Schofield           0  0  0  -1  0   2  1  0  0  0  11/19  17:28   1:46   0:56 
Riley Armstrong          1  0  1  -2  0   5  3  3  1  0  10/26  24:04   2:16   2:01 
Riley Nash               0  0  0   0  0   1  0  0  0  0  1/4     8:41   0:00   0:00 
Ryan Keller              1  0  1   0  0   3  3  1  0  0  0/0    10:40   0:51   0:00 
Scott Mayfield           0  0  0  -2  0   0  3  0  0  0  0/0    14:02   0:00   0:00 

Players Stats for Atomiques

Player Name              G  A  P  +/- PIM S  H  SB GA TA FO     MP     PP MP  PK MP  
------------------------------------------------------------------------------------
Alex Berry               0  0  0  -1  0   0  1  1  0  0  2/2    13:50   0:03   1:33 
Alexander Sulzer         0  0  0   3  0   2  1  3  0  1  0/0    28:34   2:17   1:58 
Andrew Kozek             0  0  0  -1  0   0  1  0  0  0  0/0    13:49   0:00   1:35 
Bobby Farnham            0  0  0  -1  0   0  3  0  0  0  0/0     7:18   0:00   0:00 
Branko Radivojevic       0  2  2   2  0   3  1  0  0  1  3/5    24:02   2:03   2:18 
Brett Sutter             0  0  0  -1  0   3  1  0  1  0  2/4    11:53   0:00   0:48 
Davis Drewiske           0  0  0  -1  2   2  3  0  0  0  0/0    19:49   1:41   1:17 
Dmitri Orlov             0  1  1   0  0   1  2  0  0  0  0/0    11:53   0:00   0:23 
Dwight King              1  1  2   2  0   2  2  0  1  0  0/2    20:22   2:03   0:00 
Eric Mestery             0  0  0   0  2   0  1  0  0  1  0/0    11:16   0:00   0:34 
John McCarthy            0  0  0  -1  0   1  0  0  0  0  0/0     7:18   0:00   0:00 
Kenndal McArdle          1  1  2   2  0   2  1  1  0  1  1/1    16:08   1:52   0:30 
Marc-André Cliche        0  0  0  -1  0   1  2  0  0  0  2/2     7:38   0:06   0:03 
Mikael Backlund          1  1  2   2  0   5  4  0  1  0  20/33  20:22   2:03   0:00 
Roman Polak              0  0  0  -1  0   0  2  0  0  1  0/0    19:58   1:41   2:23 
Ryan Shannon             0  2  2   2  0   2  1  0  0  0  0/0    15:54   1:52   0:27 
Shawn Belle              0  0  0   3  0   2  3  1  0  1  0/0    28:41   2:17   1:49 
Tyler Brenner            1  0  1   2  2   3  3  0  0  0  6/17   17:00   1:52   1:10 

3 Stars

1 - Mikael Backlund (STB)
2 - Dwight King (STB)
3 - Kenndal McArdle (STB)

Power Play

Mustangs - 1 on 3 Attempt(s) - 33,33%
Atomiques - 0 on 2 Attempt(s) - 0,00%

Penalty Kill

Mustangs - 2 on 2 Attempt(s) - 100,00% - Score 0 goal in Penalty Kill
Atomiques - 2 on 3 Attempt(s) - 66,67% - Score 0 goal in Penalty Kill

Team Stat

Mustangs - Hits : 20 - Faceoff Wins : 30 - Blocked Shots : 17 - Penalty Minutes : 4
Atomiques - Hits : 32 - Faceoff Wins : 36 - Blocked Shots : 6 - Penalty Minutes : 6

Official

Referees : Ciamaga Chris and Rehman Kyle
Linesman : Bryan Pancich and Steve Miller

Game Notes

Ryan Keller is injured at 16:46 of 2nd period (Right Foot)

Finance

Level 1 -- Attendance: 1440 (72,00%) -- Ticket Income 50 400 $
Level 2 -- Attendance: 731 (73,10%) -- Ticket Income 10 965 $
Total Attendance: 2171 (72,37%)
Total Ticket Income: 61 365 $
Other Income: 3 068 $
Total Income: 64 433 $

Mustangs

5 vs 5 Forward 
   Center                   Left Wing                Right Wing               Time % Phy DF OF 
 1 Riley Armstrong          Eric Wellwood            Reilly Smith             40     0   2  3  
 2 Rick Schofield           Marcus Foligno           Ryan Keller              30     0   2  3  
 3 Jim O'Brien              Brandon Saad             J.T. Wyman               20     0   2  3  
 4 Riley Nash               Joshua Leivo             Jerome Samson            10     0   2  3  

5 vs 5 Defense 
   Defense                  Defense                                           Time % Phy DF OF 
 1 Cameron Gaunce           Eric Gryba                                        45     1   2  2  
 2 Denis Bodrov             Alexei Marchenko                                  33     1   2  2  
 3 Mark Pysyk               Scott Mayfield                                    22     1   2  2  
 4 Alexei Marchenko         Scott Mayfield                                    0      1   2  2  

PowerPlay Forward 
   Center                   Left Wing                Right Wing               Time % Phy DF OF 
 1 Riley Armstrong          Eric Wellwood            Reilly Smith             60     0   0  5  
 2 Rick Schofield           Marcus Foligno           Ryan Keller              40     0   0  5  

PowerPlay Defense
   Defense                  Defense                                           Time % Phy DF OF 
 1 Cameron Gaunce           Eric Gryba                                        60     0   1  4  
 2 Denis Bodrov             Alexei Marchenko                                  40     0   1  4  

Penalty Kill 4 Players Forward 
   Center                   Wing                     Time % Phy DF OF 
 1 Riley Armstrong          Eric Wellwood            60     0   5  0  
 2 Rick Schofield           Ryan Keller              40     0   5  0  

Penalty Kill 4 Players Defense
   Defense                  Defense                  Time % Phy DF OF 
 1 Cameron Gaunce           Eric Gryba               60     1   4  0  
 2 Denis Bodrov             Alexei Marchenko         40     1   4  0  

Penalty Kill - 3 Players Forward 
   Forward                                           Time % Phy DF OF 
 1 Eric Wellwood                                     60     0   5  0  
 2 Riley Armstrong                                   40     0   5  0  

Penalty Kill - 3 Players Defense
   Defense                  Defense                  Time % Phy DF OF 
 1 Cameron Gaunce           Eric Gryba               60     1   4  0  
 2 Denis Bodrov             Alexei Marchenko         40     1   4  0  

4 vs 4 Forward 
   Center                   Wing                     Time % Phy DF OF 
 1 Riley Armstrong          Reilly Smith             60     0   1  4  
 2 Rick Schofield           Ryan Keller              40     0   1  4  

4 vs 4 Defense
   Defense                  Defense                  Time % Phy DF OF 
 1 Cameron Gaunce           Eric Gryba               60     0   2  3  
 2 Denis Bodrov             Alexei Marchenko         40     0   2  3  

Last Minutes Offensive
   Center                   Left Wing                Right Wing               Defense                  Defense                  
   Riley Armstrong          Eric Wellwood            Reilly Smith             Cameron Gaunce           Denis Bodrov             

Last Minutes Defensive
   Center                   Left Wing                Right Wing               Defense                  Defense                  
   Rick Schofield           Marcus Foligno           Ryan Keller              Cameron Gaunce           Denis Bodrov             

Goaltenders
Starting : Peter Mannino            
Backup : Chet Pickard             

Extra Forwards
Normal : Riley Armstrong, Marcus Foligno, Ryan Keller - PP : Brandon Saad, Eric Wellwood - PK : Eric Wellwood
Extra Defensemen
Normal : Cameron Gaunce, Alexei Marchenko, Scott Mayfield - PP : Alexei Marchenko - PK : Eric Gryba, Mark Pysyk
Penalty Shots
Brandon Saad, Reilly Smith, Marcus Foligno, Eric Wellwood, Ryan Keller

Atomiques

5 vs 5 Forward 
   Center                   Left Wing                Right Wing               Time % Phy DF OF 
 1 Mikael Backlund          Dwight King              Branko Radivojevic       40     1   2  2  
 2 Tyler Brenner            Kenndal McArdle          Ryan Shannon             30     1   2  2  
 3 Brett Sutter             Andrew Kozek             Alex Berry               20     1   2  2  
 4 Marc-André Cliche        John McCarthy            Bobby Farnham            10     1   2  2  

5 vs 5 Defense 
   Defense                  Defense                                           Time % Phy DF OF 
 1 Alexander Sulzer         Shawn Belle                                       40     1   2  2  
 2 Davis Drewiske           Roman Polak                                       30     1   2  2  
 3 Dmitri Orlov             Eric Mestery                                      20     1   2  2  
 4 Alexander Sulzer         Shawn Belle                                       10     1   2  2  

PowerPlay Forward 
   Center                   Left Wing                Right Wing               Time % Phy DF OF 
 1 Mikael Backlund          Dwight King              Branko Radivojevic       60     1   2  2  
 2 Tyler Brenner            Kenndal McArdle          Ryan Shannon             40     1   2  2  

PowerPlay Defense
   Defense                  Defense                                           Time % Phy DF OF 
 1 Alexander Sulzer         Shawn Belle                                       60     1   2  2  
 2 Davis Drewiske           Roman Polak                                       40     1   2  2  

Penalty Kill 4 Players Forward 
   Center                   Wing                     Time % Phy DF OF 
 1 Branko Radivojevic       Tyler Brenner            60     1   2  2  
 2 Ryan Shannon             Kenndal McArdle          40     1   2  2  

Penalty Kill 4 Players Defense
   Defense                  Defense                  Time % Phy DF OF 
 1 Alexander Sulzer         Shawn Belle              60     1   2  2  
 2 Davis Drewiske           Roman Polak              40     1   2  2  

Penalty Kill - 3 Players Forward 
   Forward                                           Time % Phy DF OF 
 1 Branko Radivojevic                                60     1   2  2  
 2 Tyler Brenner                                     40     1   2  2  

Penalty Kill - 3 Players Defense
   Defense                  Defense                  Time % Phy DF OF 
 1 Alexander Sulzer         Shawn Belle              60     1   2  2  
 2 Davis Drewiske           Roman Polak              40     1   2  2  

4 vs 4 Forward 
   Center                   Wing                     Time % Phy DF OF 
 1 Branko Radivojevic       Tyler Brenner            60     1   2  2  
 2 Ryan Shannon             Kenndal McArdle          40     1   2  2  

4 vs 4 Defense
   Defense                  Defense                  Time % Phy DF OF 
 1 Alexander Sulzer         Shawn Belle              60     1   2  2  
 2 Davis Drewiske           Roman Polak              40     1   2  2  

Last Minutes Offensive
   Center                   Left Wing                Right Wing               Defense                  Defense                  
   Tyler Brenner            Kenndal McArdle          Branko Radivojevic       Alexander Sulzer         Shawn Belle              

Last Minutes Defensive
   Center                   Left Wing                Right Wing               Defense                  Defense                  
   Tyler Brenner            Kenndal McArdle          Branko Radivojevic       Alexander Sulzer         Shawn Belle              

Goaltenders
Starting : Sergei Bobrovsky         
Backup : Jeremy Smith             

Extra Forwards
Normal : Branko Radivojevic, Marc-André Cliche, Alex Berry - PP : Branko Radivojevic, Marc-André Cliche - PK : Alex Berry
Extra Defensemen
Normal : Dmitri Orlov, Eric Mestery, Davis Drewiske - PP : Dmitri Orlov - PK : Eric Mestery, Davis Drewiske
Penalty Shots
Branko Radivojevic, Tyler Brenner, Ryan Shannon, Kenndal McArdle, Brett Sutter

% Time on Ice - Mustangs

Lines # - Real PCT - Wanted PCT - Time Play
Normal Forward
1 - 33% - 40% - 16:45
2 - 30% - 30% - 15:13
3 - 20% - 20% - 10:06
4 - 17% - 10% - 8:32
Normal Defense
1 - 40% - 45% - 20:19
2 - 35% - 33% - 17:32
3 - 23% - 22% - 11:45
4 - 2% - 0% - 1:00
PP Forward
1 - 58% - 60% - 2:26
2 - 42% - 40% - 1:46
PP Defense
1 - 58% - 60% - 2:25
2 - 42% - 40% - 1:47
PK Forward
1 - 76% - 60% - 3:02
2 - 24% - 40% - 0:56
PK Defense
1 - 63% - 60% - 2:31
2 - 37% - 40% - 1:27
PK3 Forward
1 - 0% - 60%
2 - 0% - 40%
PK3 Defense
1 - 0% - 60%
2 - 0% - 40%
44 Forward
1 - 0% - 60%
2 - 0% - 40%
44 Defense
1 - 0% - 60%
2 - 0% - 40%
Last Minute Offensive  - 1:14
Last Minute Defensive  - 0:00
Total
Forward - 60:00
Defense - 60:00

% Time on Ice - Atomiques

Lines # - Real PCT - Wanted PCT - Time Play
Normal Forward
1 - 37% - 40% - 18:43
2 - 27% - 30% - 13:35
3 - 22% - 20% - 11:05
4 - 14% - 10% - 7:18
Normal Defense
1 - 39% - 40% - 20:00
2 - 32% - 30% - 16:03
3 - 21% - 20% - 10:43
4 - 8% - 10% - 3:55
PP Forward
1 - 53% - 60% - 2:06
2 - 47% - 40% - 1:52
PP Defense
1 - 58% - 60% - 2:17
2 - 42% - 40% - 1:41
PK Forward
1 - 89% - 60% - 3:45
2 - 11% - 40% - 0:27
PK Defense
1 - 43% - 60% - 1:49
2 - 57% - 40% - 2:23
PK3 Forward
1 - 0% - 60%
2 - 0% - 40%
PK3 Defense
1 - 0% - 60%
2 - 0% - 40%
44 Forward
1 - 0% - 60%
2 - 0% - 40%
44 Defense
1 - 0% - 60%
2 - 0% - 40%
Last Minute Offensive  - 0:00
Last Minute Defensive  - 1:09
Total
Forward - 60:00
Defense - 60:00

Play by Play

1st period


0:01 of 1st period - Mikael Backlund wins face-off versus Riley Armstrong in neutral zone.
0:04 of 1st period - Snap shot by Branko Radivojevic.
0:04 of 1st period - Deflect By Mikael Backlund.
0:04 of 1st period - Shot Hit the Post.
0:04 of 1st period - Puck is out of play.
0:05 of 1st period - Mikael Backlund wins face-off versus Riley Armstrong in Mustangs zone.
0:06 of 1st period - Snap shot by Dwight King.
0:06 of 1st period - Shot Misses the Net.
0:08 of 1st period - Slapshot by Shawn Belle.
0:08 of 1st period - Stopped by Peter Mannino without a rebound.
0:09 of 1st period - Riley Armstrong wins face-off versus Mikael Backlund in Mustangs zone.
0:20 of 1st period - Cameron Gaunce is hit by Branko Radivojevic.
0:36 of 1st period - Off-side.
0:37 of 1st period - Rick Schofield wins face-off versus Tyler Brenner in neutral zone.
1:02 of 1st period - Roman Polak is hit by Denis Bodrov and loses puck.
1:09 of 1st period - Snap shot by J.T. Wyman.
1:09 of 1st period - Stopped by Sergei Bobrovsky with a rebound.
1:33 of 1st period - Snap shot by Marc-André Cliche.
1:33 of 1st period - Stopped by Peter Mannino without a rebound.
1:34 of 1st period - Tyler Brenner wins face-off versus Rick Schofield in Mustangs zone.
1:35 of 1st period - Snap shot by Ryan Shannon.
1:35 of 1st period - Shot Misses the Net.
1:37 of 1st period - Slapshot by Eric Mestery.
1:37 of 1st period - Shot Misses the Net.
1:59 of 1st period - Eric Gryba is hit by Andrew Kozek and loses puck.
4:14 of 1st period - Slapshot by Brett Sutter.
4:14 of 1st period - Shot Misses the Net.
4:37 of 1st period - Snap shot by Eric Wellwood.
4:37 of 1st period - Stopped by Sergei Bobrovsky with a rebound.
4:39 of 1st period - Slapshot by Denis Bodrov.
4:39 of 1st period - Stopped by Sergei Bobrovsky without a rebound.
4:40 of 1st period - Mikael Backlund wins face-off versus Jim O'Brien in Atomiques zone.
4:45 of 1st period - Alexander Sulzer is hit by J.T. Wyman and loses puck.
5:06 of 1st period - Eric Gryba is hit by Tyler Brenner and loses puck.
5:33 of 1st period - Bobby Farnham is hit by Ryan Keller and loses puck.
6:26 of 1st period - Branko Radivojevic is hit by Ryan Keller.
6:30 of 1st period - Mikael Backlund is hit by Marcus Foligno and loses puck.
6:37 of 1st period - Marcus Foligno is hit by Alexander Sulzer and loses puck.
6:56 of 1st period - Snap shot by Dwight King.
6:56 of 1st period - Shot Misses the Net.
6:58 of 1st period - Slapshot by Eric Mestery.
6:58 of 1st period - Shot Blocked by Cameron Gaunce.
7:06 of 1st period - Wrist shot by Dwight King.
7:06 of 1st period - Stopped by Peter Mannino with a rebound.
7:08 of 1st period - Slapshot by Davis Drewiske.
7:08 of 1st period - Stopped by Peter Mannino with a rebound.
7:10 of 1st period - Wrist shot by Branko Radivojevic.
7:10 of 1st period - Stopped by Peter Mannino without a rebound.
7:11 of 1st period - Jim O'Brien wins face-off versus Tyler Brenner in Mustangs zone.
7:37 of 1st period - Snap shot by Riley Nash.
7:37 of 1st period - Shot Misses the Net.
7:39 of 1st period - Wrist shot by Jerome Samson.
7:39 of 1st period - Stopped by Sergei Bobrovsky without a rebound.
7:40 of 1st period - Marc-André Cliche wins face-off versus Riley Nash in Atomiques zone.
7:40 of 1st period - Marc-André Cliche is hit by Scott Mayfield.
8:13 of 1st period - Snap shot by Ryan Shannon.
8:13 of 1st period - Deflect By Alexei Marchenko.
8:13 of 1st period - Stopped by Peter Mannino with a rebound.
8:49 of 1st period - Cameron Gaunce is hit by Bobby Farnham.
9:13 of 1st period - Davis Drewiske is hit by Reilly Smith and loses puck.
9:32 of 1st period - Denis Bodrov is hit by Mikael Backlund and loses puck.
10:30 of 1st period - J.T. Wyman is hit by Shawn Belle and loses puck.
10:59 of 1st period - Riley Armstrong is hit by Mikael Backlund.
11:03 of 1st period - Mark Pysyk is hit by Dwight King and loses puck.
11:37 of 1st period - Wrist shot by Ryan Shannon.
11:37 of 1st period - Shot Blocked by Joshua Leivo.
11:39 of 1st period - Slapshot by Dmitri Orlov.
11:39 of 1st period - Deflect By Kenndal McArdle.
11:39 of 1st period - Goal by Kenndal McArdle - Mustangs : 0 - Atomiques : 1.
11:40 of 1st period - Mikael Backlund wins face-off versus Riley Armstrong in neutral zone.
11:43 of 1st period - Backhand shot by Shawn Belle.
11:43 of 1st period - Stopped by Peter Mannino with a rebound.
11:53 of 1st period - Slapshot by Reilly Smith.
11:53 of 1st period - Stopped by Sergei Bobrovsky without a rebound.
11:54 of 1st period - Riley Armstrong wins face-off versus Tyler Brenner in Atomiques zone.
12:05 of 1st period - Ryan Shannon is hit by Riley Armstrong and loses puck.
12:20 of 1st period - Brandon Saad is hit by Mikael Backlund and loses puck.
13:30 of 1st period - Snap shot by Tyler Brenner.
13:30 of 1st period - Stopped by Peter Mannino without a rebound.
13:31 of 1st period - Mikael Backlund wins face-off versus Rick Schofield in Mustangs zone.
14:03 of 1st period - Backhand shot by Eric Wellwood.
14:03 of 1st period - Shot Misses the Net.
14:21 of 1st period - Snap shot by Riley Nash.
14:21 of 1st period - Stopped by Sergei Bobrovsky with a rebound.
14:29 of 1st period - Snap shot by Davis Drewiske.
14:29 of 1st period - Stopped by Peter Mannino without a rebound.
14:30 of 1st period - Riley Armstrong wins face-off versus Mikael Backlund in Mustangs zone.
14:32 of 1st period - Icing by Eric Wellwood.
14:33 of 1st period - Riley Armstrong wins face-off versus Mikael Backlund in Mustangs zone.
14:33 of 1st period - Riley Armstrong is hit by Mikael Backlund.
15:40 of 1st period - Jerome Samson is hit by Bobby Farnham and loses puck.
16:13 of 1st period - Eric Wellwood is hit by Davis Drewiske and loses puck.
16:20 of 1st period - Eric Wellwood is hit by Davis Drewiske and loses puck.
16:31 of 1st period - Slapshot by Riley Armstrong.
16:31 of 1st period - Stopped by Sergei Bobrovsky without a rebound.
16:32 of 1st period - Rick Schofield wins face-off versus Tyler Brenner in Atomiques zone.
16:45 of 1st period - Snap shot by Kenndal McArdle.
16:45 of 1st period - Deflect By Tyler Brenner.
16:45 of 1st period - Goal by Tyler Brenner - Mustangs : 0 - Atomiques : 2.
16:46 of 1st period - Mikael Backlund wins face-off versus Riley Armstrong in neutral zone.
17:33 of 1st period - Riley Armstrong is hit by Dmitri Orlov and loses puck.
18:22 of 1st period - Wrist shot by Brett Sutter.
18:22 of 1st period - Stopped by Peter Mannino without a rebound.
18:23 of 1st period - Rick Schofield wins face-off versus Tyler Brenner in Mustangs zone.
18:28 of 1st period - Snap shot by Rick Schofield.
18:28 of 1st period - Stopped by Sergei Bobrovsky with a rebound.
18:48 of 1st period - Tyler Brenner is hit by Scott Mayfield.
19:24 of 1st period - Icing by Jim O'Brien.
19:25 of 1st period - Jim O'Brien wins face-off versus Mikael Backlund in Mustangs zone.
19:55 of 1st period - Icing by Denis Bodrov.
19:56 of 1st period - Rick Schofield wins face-off versus Brett Sutter in Mustangs zone.
Goals for this period are 0 for Mustangs vs 2 for Atomiques.
Shots for this period are 8 for Mustangs vs 12 for Atomiques.

2nd period


0:01 of 2nd period - Mikael Backlund wins face-off versus Rick Schofield in neutral zone.
0:26 of 2nd period - Kenndal McArdle is hit by Eric Wellwood and loses puck.
0:31 of 2nd period - Slapshot by Riley Armstrong.
0:31 of 2nd period - Shot Hit the Post.
0:33 of 2nd period - Snap shot by Eric Wellwood.
0:33 of 2nd period - Shot Misses the Net.
0:35 of 2nd period - Slapshot by Alexei Marchenko.
0:35 of 2nd period - Deflect By Alexander Sulzer.
0:35 of 2nd period - Stopped by Sergei Bobrovsky without a rebound.
0:36 of 2nd period - Riley Armstrong wins face-off versus Dwight King in Atomiques zone.
0:49 of 2nd period - Wrist shot by Branko Radivojevic.
0:49 of 2nd period - Shot Blocked by Riley Armstrong.
0:51 of 2nd period - Snap shot by Dmitri Orlov.
0:51 of 2nd period - Shot Misses the Net.
1:05 of 2nd period - Dmitri Orlov is hit by Marcus Foligno and loses puck.
1:22 of 2nd period - Wrist shot by Ryan Keller.
1:22 of 2nd period - Stopped by Sergei Bobrovsky without a rebound.
1:23 of 2nd period - Jim O'Brien wins face-off versus Brett Sutter in Atomiques zone.
1:33 of 2nd period - Wrist shot by J.T. Wyman.
1:33 of 2nd period - Stopped by Sergei Bobrovsky with a rebound.
1:35 of 2nd period - Wrist shot by J.T. Wyman.
1:35 of 2nd period - Shot Misses the Net.
1:37 of 2nd period - Slapshot by Eric Gryba.
1:37 of 2nd period - Shot Blocked by Alexander Sulzer.
1:39 of 2nd period - Slapshot by Cameron Gaunce.
1:39 of 2nd period - Deflect By Brandon Saad.
1:39 of 2nd period - Shot Blocked by Alex Berry.
1:39 of 2nd period - Puck is out of play.
1:40 of 2nd period - Rick Schofield wins face-off versus Mikael Backlund in Atomiques zone.
2:15 of 2nd period - Wrist shot by Kenndal McArdle.
2:15 of 2nd period - Shot Misses the Net.
2:17 of 2nd period - Backhand shot by Ryan Shannon.
2:17 of 2nd period - Shot Hit the Post.
2:27 of 2nd period - Brett Sutter is hit by Jim O'Brien and loses puck.
2:36 of 2nd period - Slapshot by Davis Drewiske.
2:36 of 2nd period - Shot Blocked by Alexei Marchenko.
2:39 of 2nd period - Icing by Denis Bodrov.
2:40 of 2nd period - Mikael Backlund wins face-off versus Jim O'Brien in Mustangs zone.
3:29 of 2nd period - Slapshot by Ryan Keller.
3:29 of 2nd period - Goal by Ryan Keller - Mustangs : 1 - Atomiques : 2.
3:30 of 2nd period - Rick Schofield wins face-off versus Mikael Backlund in neutral zone.
3:38 of 2nd period - Snap shot by Rick Schofield.
3:38 of 2nd period - Stopped by Sergei Bobrovsky without a rebound.
3:39 of 2nd period - Rick Schofield wins face-off versus Dwight King in Atomiques zone.
3:49 of 2nd period - Icing by Alexander Sulzer.
3:50 of 2nd period - Mikael Backlund wins face-off versus Riley Armstrong in Atomiques zone.
3:55 of 2nd period - Slapshot by Dwight King.
3:55 of 2nd period - Shot Blocked by Eric Gryba.
4:27 of 2nd period - Icing by Branko Radivojevic.
4:28 of 2nd period - Mikael Backlund wins face-off versus Rick Schofield in Atomiques zone.
4:28 of 2nd period - Mikael Backlund is hit by Rick Schofield.
4:56 of 2nd period - Off-side.
4:57 of 2nd period - Tyler Brenner wins face-off versus Jim O'Brien in neutral zone.
5:22 of 2nd period - Eric Gryba is hit by Davis Drewiske and loses puck.
5:30 of 2nd period - Minor Penalty to Eric Mestery for Hooking.
5:31 of 2nd period - Branko Radivojevic wins face-off versus Riley Armstrong in Atomiques zone.
5:31 of 2nd period - Branko Radivojevic is hit by Eric Gryba.
5:44 of 2nd period - Wrist shot by Riley Armstrong.
5:44 of 2nd period - Goal by Riley Armstrong - Mustangs : 2 - Atomiques : 2.
5:45 of 2nd period - Mikael Backlund wins face-off versus Riley Armstrong in neutral zone.
5:48 of 2nd period - Reilly Smith is hit by Shawn Belle and loses puck.
5:55 of 2nd period - Wrist shot by Branko Radivojevic.
5:55 of 2nd period - Shot Misses the Net.
5:57 of 2nd period - Slapshot by Dwight King.
5:57 of 2nd period - Goal by Dwight King - Mustangs : 2 - Atomiques : 3.
5:58 of 2nd period - Rick Schofield wins face-off versus Mikael Backlund in neutral zone.
6:05 of 2nd period - Slapshot by Shawn Belle.
6:05 of 2nd period - Shot Misses the Net.
6:07 of 2nd period - Slapshot by Mikael Backlund.
6:07 of 2nd period - Stopped by Peter Mannino with a rebound.
6:09 of 2nd period - Slapshot by Alexander Sulzer.
6:09 of 2nd period - Stopped by Peter Mannino with a rebound.
6:11 of 2nd period - Slapshot by Dwight King.
6:11 of 2nd period - Deflect By Eric Gryba.
6:11 of 2nd period - Shot Blocked by Eric Gryba.
6:11 of 2nd period - Puck is out of play.
6:12 of 2nd period - Reilly Smith wins face-off versus Tyler Brenner in Mustangs zone.
6:21 of 2nd period - Snap shot by Eric Wellwood.
6:21 of 2nd period - Stopped by Sergei Bobrovsky with a rebound.
6:27 of 2nd period - Wrist shot by Riley Armstrong.
6:27 of 2nd period - Stopped by Sergei Bobrovsky without a rebound.
6:28 of 2nd period - Rick Schofield wins face-off versus Mikael Backlund in Atomiques zone.
6:41 of 2nd period - Wrist shot by Marcus Foligno.
6:41 of 2nd period - Stopped by Sergei Bobrovsky without a rebound.
6:42 of 2nd period - Riley Armstrong wins face-off versus Tyler Brenner in Atomiques zone.
7:12 of 2nd period - Snap shot by Ryan Keller.
7:12 of 2nd period - Stopped by Sergei Bobrovsky without a rebound.
7:13 of 2nd period - Mikael Backlund wins face-off versus Rick Schofield in Atomiques zone.
7:47 of 2nd period - Minor Penalty to Davis Drewiske for Holding.
7:48 of 2nd period - Riley Armstrong wins face-off versus Branko Radivojevic in Atomiques zone.
8:04 of 2nd period - Wrist shot by Branko Radivojevic.
8:04 of 2nd period - Shot Blocked by Reilly Smith.
9:47 of 2nd period - Penalty to Davis Drewiske is over, Davis Drewiske is back on ice.
11:04 of 2nd period - Alexei Marchenko is hit by Dmitri Orlov and loses puck.
11:39 of 2nd period - Mark Pysyk is hit by Tyler Brenner and loses puck.
11:56 of 2nd period - Snap shot by Brett Sutter.
11:56 of 2nd period - Shot Blocked by Jim O'Brien.
12:18 of 2nd period - Icing by Dwight King.
12:19 of 2nd period - Mikael Backlund wins face-off versus Riley Armstrong in Atomiques zone.
12:24 of 2nd period - Riley Armstrong is hit by Bobby Farnham and loses puck.
13:13 of 2nd period - Backhand shot by Ryan Shannon.
13:13 of 2nd period - Shot Misses the Net.
13:15 of 2nd period - Slapshot by Dmitri Orlov.
13:15 of 2nd period - Deflect By Marcus Foligno.
13:15 of 2nd period - Stopped by Peter Mannino without a rebound.
13:16 of 2nd period - Branko Radivojevic wins face-off versus Riley Armstrong in Mustangs zone.
13:19 of 2nd period - Wrist shot by Mikael Backlund.
13:19 of 2nd period - Shot Blocked by Reilly Smith.
13:21 of 2nd period - Snap shot by Mikael Backlund.
13:21 of 2nd period - Shot Blocked by Riley Armstrong.
13:29 of 2nd period - Branko Radivojevic is hit by Riley Armstrong and loses puck.
13:53 of 2nd period - Roman Polak is hit by Ryan Keller and loses puck.
14:03 of 2nd period - Off-side.
14:04 of 2nd period - J.T. Wyman wins face-off versus Tyler Brenner in neutral zone.
14:13 of 2nd period - Wrist shot by Kenndal McArdle.
14:13 of 2nd period - Shot Misses the Net.
14:15 of 2nd period - Slapshot by Shawn Belle.
14:15 of 2nd period - Shot Misses the Net.
15:01 of 2nd period - Wrist shot by Brett Sutter.
15:01 of 2nd period - Stopped by Peter Mannino with a rebound.
15:25 of 2nd period - Eric Gryba is hit by Marc-André Cliche and loses puck.
15:40 of 2nd period - Slapshot by Ryan Shannon.
15:40 of 2nd period - Deflect By Kenndal McArdle.
15:40 of 2nd period - Stopped by Peter Mannino without a rebound.
15:41 of 2nd period - Tyler Brenner wins face-off versus Jim O'Brien in Mustangs zone.
16:03 of 2nd period - Icing by J.T. Wyman.
16:04 of 2nd period - Mikael Backlund wins face-off versus Jim O'Brien in Mustangs zone.
16:09 of 2nd period - Snap shot by Branko Radivojevic.
16:09 of 2nd period - Deflect By Mikael Backlund.
16:09 of 2nd period - Shot Misses the Net.
16:09 of 2nd period - Puck is out of play.
16:10 of 2nd period - Riley Armstrong wins face-off versus Mikael Backlund in Mustangs zone.
16:42 of 2nd period - Slapshot by Alexander Sulzer.
16:42 of 2nd period - Shot Blocked by Cameron Gaunce.
16:44 of 2nd period - Snap shot by Tyler Brenner.
16:44 of 2nd period - Shot Misses the Net.
16:46 of 2nd period - Snap shot by Kenndal McArdle.
16:46 of 2nd period - Shot Blocked by Ryan Keller.
16:46 of 2nd period - Ryan Keller from Mustangs is injured at 16:46 of 2nd period (Right Foot).
16:47 of 2nd period - Mikael Backlund wins face-off versus Riley Armstrong in Mustangs zone.
17:04 of 2nd period - Branko Radivojevic is hit by Riley Armstrong and loses puck.
17:37 of 2nd period - Slapshot by Joshua Leivo.
17:37 of 2nd period - Goal by Joshua Leivo - Mustangs : 3 - Atomiques : 3.
17:38 of 2nd period - Mikael Backlund wins face-off versus Eric Wellwood in neutral zone.
18:09 of 2nd period - Branko Radivojevic is hit by Eric Gryba and loses puck.
18:32 of 2nd period - Slapshot by Dwight King.
18:32 of 2nd period - Shot Blocked by Cameron Gaunce.
18:39 of 2nd period - Icing by Dwight King.
18:40 of 2nd period - Rick Schofield wins face-off versus Mikael Backlund in Atomiques zone.
18:45 of 2nd period - Wrist shot by Marcus Foligno.
18:45 of 2nd period - Stopped by Sergei Bobrovsky with a rebound.
19:19 of 2nd period - Wrist shot by Mikael Backlund.
19:19 of 2nd period - Deflect By Dwight King.
19:19 of 2nd period - Shot Blocked by Alexei Marchenko.
19:19 of 2nd period - Puck is out of play.
19:20 of 2nd period - Jim O'Brien wins face-off versus Tyler Brenner in Mustangs zone.
19:44 of 2nd period - Rick Schofield is hit by Roman Polak and loses puck.
Goals for this period are 3 for Mustangs vs 1 for Atomiques.
Shots for this period are 12 for Mustangs vs 6 for Atomiques.

3rd period


0:01 of 3rd period - Mikael Backlund wins face-off versus Riley Armstrong in neutral zone.
0:04 of 3rd period - Slapshot by Alexander Sulzer.
0:04 of 3rd period - Stopped by Peter Mannino with a rebound.
0:16 of 3rd period - Snap shot by Riley Armstrong.
0:16 of 3rd period - Shot Blocked by Alexander Sulzer.
0:26 of 3rd period - Branko Radivojevic is hit by Cameron Gaunce.
0:50 of 3rd period - Snap shot by J.T. Wyman.
0:50 of 3rd period - Stopped by Sergei Bobrovsky with a rebound.
0:52 of 3rd period - Slapshot by Alexei Marchenko.
0:52 of 3rd period - Stopped by Sergei Bobrovsky without a rebound.
0:53 of 3rd period - Tyler Brenner wins face-off versus Brandon Saad in Atomiques zone.
1:00 of 3rd period - Snap shot by Jim O'Brien.
1:00 of 3rd period - Shot Misses the Net.
1:02 of 3rd period - Slapshot by Denis Bodrov.
1:02 of 3rd period - Shot Misses the Net.
1:04 of 3rd period - Snap shot by Jim O'Brien.
1:04 of 3rd period - Shot Misses the Net.
1:06 of 3rd period - Slapshot by Jim O'Brien.
1:06 of 3rd period - Shot Blocked by Kenndal McArdle.
1:08 of 3rd period - Slapshot by Denis Bodrov.
1:08 of 3rd period - Shot Misses the Net.
1:18 of 3rd period - Riley Armstrong is hit by Brett Sutter and loses puck.
2:24 of 3rd period - Wrist shot by Brett Sutter.
2:24 of 3rd period - Shot Misses the Net.
2:44 of 3rd period - Icing by Alexander Sulzer.
2:45 of 3rd period - Mikael Backlund wins face-off versus Rick Schofield in Atomiques zone.
3:18 of 3rd period - Wrist shot by Mikael Backlund.
3:18 of 3rd period - Stopped by Peter Mannino with a rebound.
3:40 of 3rd period - Mikael Backlund is hit by Scott Mayfield and loses puck.
3:53 of 3rd period - Snap shot by Riley Armstrong.
3:53 of 3rd period - Stopped by Sergei Bobrovsky with a rebound.
4:04 of 3rd period - Slapshot by Rick Schofield.
4:04 of 3rd period - Shot Misses the Net.
4:06 of 3rd period - Wrist shot by Marcus Foligno.
4:06 of 3rd period - Stopped by Sergei Bobrovsky with a rebound.
4:24 of 3rd period - Wrist shot by Marcus Foligno.
4:24 of 3rd period - Deflect By Riley Armstrong.
4:24 of 3rd period - Stopped by Sergei Bobrovsky without a rebound.
4:25 of 3rd period - Jim O'Brien wins face-off versus Tyler Brenner in Atomiques zone.
4:28 of 3rd period - Snap shot by J.T. Wyman.
4:28 of 3rd period - Shot Misses the Net.
4:30 of 3rd period - Wrist shot by Brandon Saad.
4:30 of 3rd period - Shot Misses the Net.
4:56 of 3rd period - Alexei Marchenko is hit by Alex Berry and loses puck.
5:03 of 3rd period - Slapshot by Roman Polak.
5:03 of 3rd period - Shot Misses the Net.
6:19 of 3rd period - Riley Nash is hit by Marc-André Cliche and loses puck.
6:57 of 3rd period - Marcus Foligno is hit by Roman Polak and loses puck.
7:08 of 3rd period - Minor Penalty to Tyler Brenner for Hooking.
7:09 of 3rd period - Eric Wellwood wins face-off versus Branko Radivojevic in Atomiques zone.
7:35 of 3rd period - Slapshot by Denis Bodrov.
7:35 of 3rd period - Stopped by Sergei Bobrovsky without a rebound.
7:36 of 3rd period - Branko Radivojevic wins face-off versus Rick Schofield in Atomiques zone.
9:08 of 3rd period - Penalty to Tyler Brenner is over, Tyler Brenner is back on ice.
9:16 of 3rd period - Wrist shot by Tyler Brenner.
9:16 of 3rd period - Shot Blocked by Denis Bodrov.
9:18 of 3rd period - Snap shot by Tyler Brenner.
9:18 of 3rd period - Stopped by Peter Mannino without a rebound.
9:19 of 3rd period - Tyler Brenner wins face-off versus Riley Nash in Mustangs zone.
9:28 of 3rd period - Snap shot by Ryan Shannon.
9:28 of 3rd period - Stopped by Peter Mannino without a rebound.
9:29 of 3rd period - Riley Nash wins face-off versus Tyler Brenner in Mustangs zone.
9:29 of 3rd period - Riley Nash is hit by Ryan Shannon.
9:35 of 3rd period - Wrist shot by Jerome Samson.
9:35 of 3rd period - Shot Blocked by Alexander Sulzer.
9:37 of 3rd period - Slapshot by Mark Pysyk.
9:37 of 3rd period - Stopped by Sergei Bobrovsky with a rebound.
9:39 of 3rd period - Snap shot by Mark Pysyk.
9:39 of 3rd period - Deflect By Jerome Samson.
9:39 of 3rd period - Stopped by Sergei Bobrovsky with a rebound.
9:41 of 3rd period - Slapshot by Mark Pysyk.
9:41 of 3rd period - Stopped by Sergei Bobrovsky without a rebound.
9:42 of 3rd period - Riley Armstrong wins face-off versus Mikael Backlund in Atomiques zone.
9:57 of 3rd period - Wrist shot by Reilly Smith.
9:57 of 3rd period - Stopped by Sergei Bobrovsky with a rebound.
11:15 of 3rd period - Backhand shot by J.T. Wyman.
11:15 of 3rd period - Shot Misses the Net.
11:17 of 3rd period - Snap shot by Jim O'Brien.
11:17 of 3rd period - Stopped by Sergei Bobrovsky without a rebound.
11:18 of 3rd period - Rick Schofield wins face-off versus Mikael Backlund in Atomiques zone.
11:33 of 3rd period - Wrist shot by Mikael Backlund.
11:33 of 3rd period - Goal by Mikael Backlund - Mustangs : 3 - Atomiques : 4.
11:34 of 3rd period - Tyler Brenner wins face-off versus Riley Armstrong in neutral zone.
11:40 of 3rd period - Minor Penalty to Reilly Smith for Interference.
11:41 of 3rd period - Mikael Backlund wins face-off versus Riley Armstrong in Mustangs zone.
11:41 of 3rd period - Wrist shot by Dwight King.
11:41 of 3rd period - Shot Blocked by Riley Armstrong.
11:43 of 3rd period - Snap shot by Branko Radivojevic.
11:43 of 3rd period - Stopped by Peter Mannino without a rebound.
11:44 of 3rd period - Mikael Backlund wins face-off versus Riley Armstrong in Mustangs zone.
13:21 of 3rd period - Brandon Saad is hit by Dwight King and loses puck.
13:39 of 3rd period - Icing by Tyler Brenner.
13:40 of 3rd period - Penalty to Reilly Smith is over, Reilly Smith is back on ice.
13:40 of 3rd period - Kenndal McArdle wins face-off versus Jerome Samson in Atomiques zone.
14:02 of 3rd period - Icing by Mark Pysyk.
14:03 of 3rd period - Marc-André Cliche wins face-off versus Rick Schofield in Mustangs zone.
14:28 of 3rd period - Jim O'Brien is hit by Shawn Belle and loses puck.
14:37 of 3rd period - Wrist shot by Mikael Backlund.
14:37 of 3rd period - Stopped by Peter Mannino with a rebound.
14:39 of 3rd period - Snap shot by Branko Radivojevic.
14:39 of 3rd period - Stopped by Peter Mannino with a rebound.
14:49 of 3rd period - Wrist shot by Brett Sutter.
14:49 of 3rd period - Stopped by Peter Mannino without a rebound.
14:50 of 3rd period - Brett Sutter wins face-off versus Riley Nash in Mustangs zone.
14:55 of 3rd period - Slapshot by Andrew Kozek.
14:55 of 3rd period - Shot Misses the Net.
15:15 of 3rd period - Alexei Marchenko is hit by Kenndal McArdle.
15:41 of 3rd period - Slapshot by Mikael Backlund.
15:41 of 3rd period - Deflect By Denis Bodrov.
15:41 of 3rd period - Stopped by Peter Mannino without a rebound.
15:42 of 3rd period - Brett Sutter wins face-off versus Jim O'Brien in Mustangs zone.
15:49 of 3rd period - Slapshot by Brett Sutter.
15:49 of 3rd period - Shot Misses the Net.
15:58 of 3rd period - Minor Penalty to Brandon Saad for Slashing.
15:59 of 3rd period - Riley Armstrong wins face-off versus Mikael Backlund in Mustangs zone.
17:05 of 3rd period - Rick Schofield is hit by Tyler Brenner and loses puck.
17:58 of 3rd period - Penalty to Brandon Saad is over, Brandon Saad is back on ice.
18:24 of 3rd period - J.T. Wyman is hit by Eric Mestery and loses puck.
18:29 of 3rd period - Snap shot by John McCarthy.
18:29 of 3rd period - Stopped by Peter Mannino with a rebound.
18:31 of 3rd period - Slapshot by Alexander Sulzer.
18:31 of 3rd period - Shot Blocked by Denis Bodrov.
19:23 of 3rd period - Mustangs, Peter Mannino is pulled from the net.
19:23 of 3rd period - Slapshot by Cameron Gaunce.
19:23 of 3rd period - Stopped by Sergei Bobrovsky without a rebound.
19:24 of 3rd period - Peter DeBoer call a timeout for Mustangs.
19:24 of 3rd period - Alex Berry wins face-off versus Riley Armstrong in Atomiques zone.
19:39 of 3rd period - Snap shot by Reilly Smith.
19:39 of 3rd period - Shot Blocked by Shawn Belle.
19:41 of 3rd period - Snap shot by Cameron Gaunce.
19:41 of 3rd period - Stopped by Sergei Bobrovsky without a rebound.
19:42 of 3rd period - Alex Berry wins face-off versus Riley Armstrong in Atomiques zone.
19:56 of 3rd period - Wrist shot by Reilly Smith.
19:56 of 3rd period - Stopped by Sergei Bobrovsky with a rebound.
19:58 of 3rd period - Wrist shot by Riley Armstrong.
19:58 of 3rd period - Shot Misses the Net.
Goals for this period are 0 for Mustangs vs 1 for Atomiques.
Shots for this period are 14 for Mustangs vs 11 for Atomiques.